 Dungeon Crawl Stone Soup version 0.27.1-37-g7b29ead8ac (console) character file.

Game seed: 4168062638530736959

14242 grimtooth the Unseen (level 12, -1/76 HPs)
             Began as a Kobold Delver on June 17, 2023.
             Was a Believer of Sif Muna.
             Killed from afar by a rime drake (12 damage)
             ... with a flash freeze
             ... on level 1 of the Lair of Beasts.
             The game lasted 01:03:31 (16643 turns).

grimtooth the Unseen (Kobold Delver)               Turns: 16643, Time: 01:03:34

Health: -1/76      AC:  9    Str:  9    XL:     12   Next: 42%
Magic:  9/12       EV: 20    Int: 14    God:    Sif Muna [**....]
Gold:   585        SH:  0    Dex: 25    Spells: 3/11 levels left

rFire    . . .     SeeInvis .   a - +3 short sword
rCold    + . .     Faith    .   (shield restricted)
rNeg     . . .     Spirit   .   b - +0 leather armour
rPois    .         Reflect  .   B - +2 hat
rElec    .         Harm     .   j - +1 cloak
rCorr    .         Rampage  .   I - +0 pair of gloves
Will     .....                  V - +0 pair of boots
Stlth    +++++++...             (no amulet)
HPRegen  0.22/turn              G - +6 ring of dexterity
MPRegen  0.13/turn              p - ring of protection from cold

@: no status effects
A: small, no large weapons, nightstalker 3
a: Renounce Religion, Channel Magic


You were on level 1 of the Lair of Beasts.
You worshipped Sif Muna.
Sif Muna was pleased with you.
You visited 3 branches of the dungeon, and saw 13 of its levels.

You collected 585 gold pieces.

Inventory:

Hand Weapons
 a - a +3 short sword (weapon)
Missiles
 n - 71 stones
 r - 19 poisoned darts (quivered)
 v - 5 curare-tipped darts
Armour
 b - a +0 leather armour (worn)
 j - a +1 cloak (worn)
 B - a +2 hat (worn)
 I - a +0 pair of gloves (worn)
 V - a +0 pair of boots (worn)
Magical Staves
 T - a staff of cold
Jewellery
 o - a ring of see invisible
 p - a ring of protection from cold (right hand)
 t - a ring of ice
 w - a ring of positive energy
 G - a +6 ring of dexterity (left hand)
 N - a ring of wizardry
 P - a ring of wizardry
 U - an amulet of faith
Wands
 g - a wand of digging (3)
 h - a wand of polymorph (8)
 y - a wand of flame (7)
 D - a wand of paralysis (9)
 H - a wand of iceblast (2)
 W - a wand of charming (7)
 Z - a wand of mindburst (11)
Scrolls
 c - a scroll of fog
 d - 3 scrolls of magic mapping
 e - 5 scrolls of fear
 i - 2 scrolls of amnesia {unknown}
 m - 2 scrolls of teleportation
 u - 2 scrolls of noise {unknown}
 C - 3 scrolls of vulnerability {unknown}
 E - a scroll of brand weapon {unknown}
 F - a scroll of enchant armour {unknown}
 L - 3 scrolls of enchant weapon {unknown}
 Q - a scroll of blinking
 R - a scroll of holy word {unknown}
Potions
 f - 4 potions of haste
 k - 3 potions of resistance
 l - a potion of might {unknown}
 x - a potion of flight
 z - 4 potions of brilliance
 A - 2 potions of mutation {unknown}
 J - a potion of heal wounds
 K - 2 potions of curing
 O - 2 potions of lignification {unknown}
 Y - a potion of berserk rage


   Skills:
 - Level 9.0 Fighting
 - Level 9.0 Short Blades
 - Level 6.8 Dodging
 - Level 15.0 Stealth
 * Level 6.7 Hexes
 - Level 6.0 Summonings
 - Level 6.0 Ice Magic
 - Level 6.0 Evocations


You had 3 spell levels left.
You knew the following spells:

 Your Spells              Type           Power      Damage    Failure   Level
a - Ensorcelled Hibernat  Hex/Ice        34%        N/A       4%          2
b - Tukima's Dance        Hex            18%        N/A       8%          3
N - Call Canine Familiar  Summ           16%        N/A       11%         3

Your spell library contained the following spells:

 Spells                   Type           Power      Damage    Failure   Level
 Corona                   Hex            20%        N/A       2%          1
 Portal Projectile        Hex/Tloc       18%        N/A       30%         3
 Corpse Rot               Necr/Air       N/A        N/A       52%         2
 Poisonous Vapours        Pois/Air       0%         N/A       52%         2
 Fulminant Prism          Conj/Hex       4%         3d6       71%         4
 Leda's Liquefaction      Hex/Erth       4%         N/A       71%         4
 Iskenderun's Mystic Bla  Conj/Tloc      0%         2d3       99%         4
 Freezing Cloud           Conj/Ice/Air   2%         6-21      99%         5
 Lee's Rapid Deconstruct  Erth           0%         3d5*      100%        5


Dungeon Overview and Level Annotations

Branches:
Dungeon (11/15)            Temple (1/1) D:7            Lair (1/6) D:8
    Orc (0/2) D:10

Altars:
Ashenzari
Cheibriados
Dithmenos
Elyvilon
Fedhas
Gozag
Hepliaklqana
Kikubaaqudgha
Makhleb
Nemelex Xobeh
Okawaru
Qazlal
Ru
Sif Muna
Trog
Uskayaw
Vehumet
Wu Jian
Xom
Yredelemnul
Zin
The Shining One

Shops:
D:10 =

Portals:
Ice
Cave: Lair:1

Annotations:
Lair:1 3 runed translucent doors


Innate Abilities, Weirdness & Mutations

You are small and have problems with some larger weapons.
You are completely attuned to the shadows.


Message History

Your hound completely misses the rime drake.
Okay, then.
Okay, then.
Press: ? - help, v - describe, . - travel
Here: a rime drake (almost dead, catching its breath, ally target)
The floor, spattered with blood.
Aiming: Throw Flame
Press: ? - help, Shift-Dir - straight line, f - you
Okay, then.
Aiming: Throw Flame
Press: ? - help, Shift-Dir - straight line, f - rime drake
Aim: a rime drake (almost dead, catching its breath, ally target, 67% to hit)
Okay, then.
Your hound bites the rime drake but does no damage.
The rime drake barely misses your hound.
Your hound bites the rime drake but does no damage.
The rime drake barely misses your hound.
Found 18 gold pieces.
Your hound closely misses the rime drake.
The rime drake misses your hound.
Your hound barely misses the rime drake.
Your hound closely misses the rime drake.
The rime drake bites your hound. The ice encasing you melts away.
Your hound bites the rime drake.
The rime drake breathes ice at your hound.
The flash freeze hits your hound!!
Your hound dies!
Your hound's corpse disappears in a puff of smoke!
Aiming: Throw Flame
Press: ? - help, Shift-Dir - straight line, f - rime drake
Aim: a rime drake (blue smoke, almost dead, wandering, hasn't noticed you, 67% to hit)
The puff of flame misses the rime drake.
Aiming: Throw Flame
Press: ? - help, Shift-Dir - straight line, f/p - rime drake
Aim: a rime drake (almost dead, 67% to hit)
The puff of flame misses the rime drake.
The rime drake breathes ice at you. The flash freeze hits you!
You partially resist.
You die...

***** **,,,*** **,,,,≈,**
*,,,...#≈#* *,,,#..≈#≈##
*,,≈#...≈#.# **
#..≈#.....≈###****
,***####..≈#∩.....#P.,,,*****
,,,,.....)≈#####.....,,,,,,,**
,,,,......≈≈≈≈≈.k....,,,,,,,,*
,,,,............@....,,,,,,,**
,*,*#P...##....#.....****,,,*
,***#P...###....##...* *,,,*
,* ##...# #...##*...* *,,,**
,** ##...# #...P**,$.* *,,,,*
,,* #....# *,,,,**,,,* *,,,**
,** ##...# *,,^***,,,* *,,,*
,* #...# *,,,**,,,,* *,,,* ,*
#...# *,,,,**,,,* *,,,* ,**
#...###.,,***,,,* *,,,* ,,*
##.......,,**,,,,****,,,*


You could see a rime drake (catching breath).

Vanquished Creatures
  A boulder beetle (D:11)
  2 death yaks (D:8)
  4 two-headed ogres
  Pikel (D:5)
  A cyclops (D:11)
  A gargoyle (D:11)
  Psyche (D:9)
  A rime drake (Lair:1)
  A komodo dragon (D:11)
  2 trolls
  3 meliai (D:10)
  Sigmund (D:3)
  A wraith (D:9)
  2 wyverns
  6 yaks
  A human (D:10)
  A steam dragon (D:9)
  Menkaure (D:5)
  An acid dragon (D:11)
  2 water moccasins
  A hornet zombie (D:7)
  A necrophage (D:6)
  An ogre (D:6)
  2 orc warriors
  A black bear (D:8)
  A sky beast (D:6)
  3 centaurs
  2 phantoms
  A kobold brigand (D:10)
  2 bullfrogs
  2 gnoll sergeants
  4 scorpions
  A wyvern skeleton (D:6)
  6 killer bees
  6 wights
  2 howler monkeys
  5 centaur zombies
  4 jellies
  4 hounds
  2 bullfrog zombies
  7 orc priests
  An iguana (D:5)
  5 orc wizards
  A scorpion zombie (D:5)
  3 hound zombies (D:5)
  A howler monkey zombie (D:9)
  9 gnolls
  13 adders
  2 white imps
  2 worms (D:2)
  An adder skeleton (D:4)
  3 dart slugs
  20 orcs
  5 endoplasms
  2 giant cockroaches (D:3)
  10 goblins
  3 hobgoblins
  6 quokkas
  7 ball pythons
  3 bats (D:2)
  5 frilled lizards
  5 kobolds
  10 rats
209 creatures vanquished.

Vanquished Creatures (collateral kills)
  2 trolls
  3 yaks
  2 orcs (D:10)
7 creatures vanquished.

Vanquished Creatures (others)
  A dancing weapon (D:11)
1 creature vanquished.

Grand Total: 217 creatures vanquished

Notes
Turn   | Place    | Note
-------+----------+-------------------------------------------
     0 | D:5      | grimtooth the Kobold Delver began the quest for the Orb.
     0 | D:5      | Reached XP level 1. HP: 14/14 MP: 1/1
    16 | D:5      | Noticed a lemure
    18 | D:5      | Noticed Pikel
    18 | D:5      | Noticed a lemure
   116 | D:3      | Noticed a scorpion
   181 | D:4      | Reached XP level 2. HP: 19/19 MP: 2/2
   281 | D:3      | Reached skill level 7 in Stealth
   281 | D:3      | Reached XP level 3. HP: 23/23 MP: 3/3
   419 | D:1      | - oh my god to die now
  1132 | D:1      | Found a faded altar of an unknown god.
  1686 | D:2      | Reached XP level 4. HP: 28/28 MP: 4/4
  1956 | D:2      | Reached skill level 5 in Short Blades
  2092 | D:2      | Reached XP level 5. HP: 32/32 MP: 5/5
  2796 | D:3      | Noticed Sigmund
  2799 | D:3      | Found an ornate altar of the Wu Jian Council.
  2799 | D:3      | Noticed a bullfrog
  2917 | D:3      | Reached skill level 8 in Stealth
  2931 | D:3      | Found a hazy altar of Hepliaklqana.
  3322 | D:4      | Found a shadowy altar of Dithmenos.
  3687 | D:5      | Reached XP level 6. HP: 37/37 MP: 6/6
  3953 | D:5      | Reached skill level 9 in Stealth
  3953 | D:5      | Reached XP level 7. HP: 38/41 MP: 7/7
  4444 | D:5      | Noticed Menkaure
  4451 | D:5      | Killed Menkaure
  4452 | D:5      | Reached skill level 5 in Dodging
  4528 | D:5      | Reached skill level 5 in Fighting
  4682 | D:5      | Reached XP level 8. HP: 50/50 MP: 8/8
  5106 | D:6      | Reached skill level 1 in Evocations
  5618 | D:7      | Found a staircase to the Ecumenical Temple.
  5626 | Temple   | Entered the Ecumenical Temple
  5868 | Temple   | Became a worshipper of Sif Muna the Loreminder
  6021 | D:7      | Found a white marble altar of Elyvilon.
  6568 | D:7      | Identified the +1 ring mail of Absence {-Cast rF++}
  6654 | D:7      | Reached XP level 9. HP: 55/55 MP: 9/9
  6683 | D:7      | Found a broken altar of Ashenzari.
  7106 | D:7      | Found a sparkling altar of Nemelex Xobeh.
  7355 | D:6      | Reached skill level 5 in Evocations
  7568 | D:3      | Killed Sigmund
  7954 | D:5      | Killed Pikel
  8133 | D:7      | Reached * piety under Sif Muna
  8198 | D:7      | Reached skill level 10 in Stealth
  8732 | D:8      | Noticed a death yak
  8814 | D:8      | Reached XP level 10. HP: 54/59 MP: 10/10
  9309 | D:8      | Noticed a death yak
  9347 | D:8      | Noticed a two-headed ogre
  9721 | D:8      | Reached skill level 11 in Stealth
 10263 | D:8      | Noticed a two-headed ogre
 10306 | D:8      | - one miskey gonna kill me now
 10306 | D:8      | HP: 2/66 [two-headed ogre (2)]
 10329 | D:8      | Killed a two-headed ogre
 10330 | D:8      | Reached skill level 12 in Stealth
 10612 | D:8      | Learned a level 3 spell: Call Canine Familiar
 10865 | D:8      | Killed a two-headed ogre
 10866 | D:8      | Reached skill level 13 in Stealth
 11568 | D:9      | Found a radiant altar of Vehumet.
 11644 | D:9      | Reached XP level 11. HP: 71/71 MP: 11/11
 11993 | D:9      | Noticed Psyche
 11995 | D:9      | Killed Psyche
 11996 | D:9      | Reached skill level 5 in Summonings
 12418 | D:9      | Reached ** piety under Sif Muna
 12688 | D:10     | Entered Level 10 of the Dungeon
 12741 | D:10     | Reached skill level 14 in Stealth
 13024 | D:10     | Learned a level 2 spell: Ensorcelled Hibernation
 13188 | D:10     | Reached skill level 1 in Hexes
 13188 | D:10     | Reached skill level 1 in Ice Magic
 13369 | D:10     | Found Aqugetis's Jewellery Emporium.
 13957 | D:10     | Found a staircase to the Orcish Mines.
 14536 | D:11     | Noticed a two-headed ogre
 14699 | D:11     | Noticed a boulder beetle
 14702 | D:11     | Killed a boulder beetle
 14717 | D:11     | Noticed a two-headed ogre
 14723 | D:11     | Killed a two-headed ogre
 14762 | D:11     | Noticed a two-headed ogre
 14766 | D:11     | Killed a two-headed ogre
 14767 | D:11     | Reached XP level 12. HP: 76/76 MP: 12/12
 14822 | D:11     | Learned a level 3 spell: Tukima's Dance
 15382 | D:11     | Reached skill level 5 in Hexes
 15382 | D:11     | Reached skill level 5 in Ice Magic
 15486 | D:11     | - damn all double dickheads
 16041 | D:10     | - I knew it would be those dang deathyaks
 16146 | D:8      | Found a staircase to the Lair.
 16147 | D:8      | Killed a death yak
 16148 | D:8      | Reached skill level 15 in Stealth
 16152 | D:8      | Killed a death yak
 16154 | D:8      | Noticed a death yak
 16563 | Lair:1   | Entered Level 1 of the Lair of Beasts
 16563 | Lair:1   | Found a runed translucent gate.
 16563 | Lair:1   | Found a runed translucent gate.
 16563 | Lair:1   | Found a runed translucent gate.
 16604 | Lair:1   | Found a frozen archway.
 16643 | Lair:1   | Killed from afar by a rime drake

Illustrated notes .......# .......# ####+#.....# ..#.#.....# # #.#.#..>..+ #.#.#.......# #...K@......# #.#.##......# # #.##....... #.##...###. #.# ...# Turn 419 on D:1: - oh my god to die now ######## .......####### .#.#.#.#.#.#(## ...((.........################### .#.#.#.#.#<#.#.O@...............> ...............#################. .#.#.#.#.#.#.#.# #. .........[.....# #. .#.#.#.#.#.#.### #. ..............# #. .#.#.#.#.#.#.## #. ..............# #. .#.#.#.#.#.#.## #( ####..######.# #. ###.######.###################) Turn 10306 on D:8: - one miskey gonna kill me now

## .. ###### ... ##
################....# #.#
####>...............#..# #.#
......#####............# #.# ##
.......#####O#######.#.#####.###.
.<.O.............###.#...........
##.#.<)#.###.##...##.............
##.##.##.# #....@..###########.##
##!#####.# ####....# #.# ##.# #.#
#..#.# #.# ##.# #.# #.##.# #.#
##.# #.# #.##.# #.# ##.# #.##.#
#.# ##.# .# #.##[# #.# ##.### #.#
##.##.# .....###.## #.....#
###...#...## #..#### ...........#
#..#


Turn 15486 on D:11: - damn all double dickheads ####### ###### # #.....# #....#
# #.....# #....# # #.....# #....# # #.....# #....##### #.....############
#......... #............@...# #####..... ######...........# #...'.....
#..>........#####..#..... #...........#..##..#..... #...))......'...'........
#........................ ###........................
#......#####.........##.... #....).#.............##....
#......#........##......... #......#........##......... Turn 16041 on D:10: - I
knew it would be those dang deathyaks

Levels and vault maps discovered:
D:1:      dpeg_arrival_stone_temple_mockup, layout_basic,
          ebering_ecumenical_altar_ruins, minmay_misc_feat_encased, st_stairs_4
D:2:      minmay_door_path, layout_basic, minmay_joined_circles
D:3:      layout_rooms, nicolae_wu_jian_wuxing_cycle,
          nicolae_hepliaklqana_hippocampus, uniq_sigmund
D:4:      layout_loops_cross, mainiacjoe_overflow_alcove_1
D:5:      layout_loops_ring, hangedman_abyss_or_decor_lesser_grid,
          uniq_menkaure, uniq_pikel
D:6:      layout_rooms
D:7:      layout_gridville, lemuel_doored_altar, nemelex_diamond_rough_becter,
          cheibrodos_ashenzari_chains, minmay_temple_entry_slanted
D:8:      layout_basic, dpeg_lair_monsters, st_stairs_11
D:9:      layout_stronghold, mainiacjoe_overflow_small_starburst,
          grunt_ministairs_2, uniq_psyche
D:10:     layout_gridville, erik_orc_4, serial_shops, nicolae_shop_trees
D:11:     layout_loops_ring
Temple:   regret_index_temple_generic_petals
Lair:1:   layout_long_grid, portal_ice_cave_rime, gammafunk_ghost_icy,
          grunt_forest_small_clearing_treed, serial_bayou_shore_b,
          serial_bayou_shore_a

Skill      XL: |  1  2  3  4  5  6  7  8  9 10 11 12 |
---------------+-------------------------------------+-----
Short Blades   | 3 4 5 6 7 9 |  9.0
Stealth        | 7 8 9 10 13 14 15 | 15.0
Dodging        | 4 5 6 |  6.8
Fighting       | 5 6 8 9 |  9.0
Evocations     | 4 6 |  6.0
Summonings     | 4 6 |  6.0
Hexes          | 4 6 |  6.7
Ice Magic      | 4 6 |  6.0

Action                   |  1- 3 |  4- 6 |  7- 9 | 10-12 || total
-------------------------+-------+-------+-------+-------++-------
Melee: Short sword       |    54 |   127 |   347 |   533 ||  1061
Throw: Stone             |     4 |       |     7 |     1 ||    12
       Dart              |       |       |     4 |    28 ||    32
 Cast: Call Canine Famil |       |       |       |    24 ||    24
       Ensorcelled Hiber |       |       |       |     6 ||     6
       Tukima's Dance    |       |       |       |     1 ||     1
Evoke: Wand              |     1 |       |     1 |    13 ||    15
  Use: Scroll            |       |     5 |     2 |     4 ||    11
       Potion            |       |       |     1 |       ||     1
 Stab: Sleeping          |    18 |    28 |    16 |    30 ||    92
       Distracted        |     1 |       |     1 |     6 ||     8
       Paralysed         |       |       |     1 |     2 ||     3
Armor: Leather armour    |     1 |    13 |    58 |    94 ||   166
Dodge: Dodged            |    21 |    65 |   206 |   378 ||   670
